 Dungeon Crawl Stone Soup version 0.18.1-51-gd549091e01 (webtiles) character file.

42 alasdair19 the Shield-Bearer (level 3, 0/33 HPs)
             Began as a Minotaur Fighter on Dec 26, 2021.
             Slain by a goblin (5 damage)
             ... led by Robin
             ... on level 2 of the Dungeon.
             The game lasted 00:07:29 (921 turns).

alasdair19 the Shield-Bearer (Minotaur Fighter)      Turns: 921, Time: 00:07:29

Health: 0/33       AC:  7    Str: 21    XL:     3   Next: 35%
Magic:  2/2        EV:  7    Int:  5    God:
Gold:   0          SH:  9    Dex:  9    Spells: 0 memorised, 2 levels left

rFire  . . .     SeeInvis .     a - +0 long sword
rCold  . . .     Gourm    .     b - +0 scale mail
rNeg   . . .     Faith    .     c - +0 shield
rPois  .         Spirit   .     (helmet restricted)
rElec  .         Dismiss  .     (no cloak)
rCorr  .         Reflect  .     (no gloves)
SustAt .         Harm     .     (no boots)
MR     .....                    (no amulet)
Stlth  ..........               (no ring)
                                (no ring)

@: not resistant to hostile enchantments, extremely unstealthy
A: retaliatory headbutt, horns 2
a: no special abilities


You were on level 2 of the Dungeon.
You were not hungry.

You visited 1 branch of the dungeon, and saw 2 of its levels.

Inventory:

Hand Weapons
 a - a +0 long sword (weapon)
Missiles
 h - 20 sling bullets (quivered)
Armour
 b - a +0 scale mail (worn)
 c - a +0 shield (worn)
Scrolls
 g - a scroll of fear {unknown}
 i - a scroll of identify {unknown}
 k - a scroll of blinking {unknown}
 l - 2 scrolls of enchant weapon {unknown}
Potions
 d - a potion of might
 n - a potion of resistance {unknown}
Comestibles
 f - a bread ration
 j - a slice of pizza
 m - a beef jerky


   Skills:
 + Level 4.1 Fighting
 + Level 2.8 Long Blades
 + Level 3.9 Armour
 + Level 0.9 Dodging
 + Level 4.3 Shields


You had 2 spell levels left.
You didn't know any spells.

Dungeon Overview and Level Annotations

Branches:
Dungeon (2/15)

Altars:

Annotations:
D:2 Robin


Innate Abilities, Weirdness & Mutations

You reflexively headbutt those who attack you in melee.
You have a pair of horns on your head.


Message History

You kill the goblin!
Robin throws the goblin at you! The goblin barely misses you.
The goblin hits you but does no damage. You block the hobgoblin's attack.
The goblin hits you with a hand axe. You block the goblin's attack.
The goblin hits you but does no damage. You block the goblin's attack.
The goblin barely misses you.
You barely miss Robin. You block the goblin's attack. The hobgoblin hits you.
* * * LOW HITPOINT WARNING * * *
The goblin hits you but does no damage. x2; You block the goblin's attack.
The goblin completely misses you. You block the goblin's attack.
The goblin completely misses you. The hobgoblin barely misses you.
You hit Robin. You headbutt Robin!
Robin is severely wounded.
The goblin barely misses you. You block the goblin's attack.
The goblin hits you but does no damage. x2; The goblin hits you with a club.
* * * LOW HITPOINT WARNING * * *
You block the goblin's attack. The hobgoblin hits you.
* * * LOW HITPOINT WARNING * * *
The goblin hits you.
You die...

.......... .
...#.#..#### ..
..)#.#...... .#
..(#.#...##########..#
.....................#
.................>..#
...#.##..##.)...########
...#.##..##.#.#ggg......
...#.###......#g@g(....(
...#.# #.####.#ggg.....(
...#.# #.. #.#.........
...... ##.# #.#.........
...... .# #.#.........
#.#......... #.........
#.........


You could see Robin, a hobgoblin and 6 goblins.

Vanquished Creatures
  A worm (D:2)
  A dart slug (D:1)
  A giant gecko (D:1)
  6 bats
  A giant cockroach (D:1)
  6 goblins
  6 hobgoblins
  4 jackals (D:1)
  2 kobolds
  2 rats
30 creatures vanquished.

Notes
Turn   | Place    | Note
--------------------------------------------------------------
     0 | D:1      | alasdair19 the Minotaur Fighter began the quest for the Orb.
     0 | D:1      | Reached XP level 1. HP: 19/19 MP: 0/0
    73 | D:1      | Reached XP level 2. HP: 18/27 MP: 1/1
   597 | D:1      | Reached XP level 3. HP: 33/33 MP: 2/2
   913 | D:2      | Noticed Robin
   921 | D:2      | Slain by a goblin

Skill      XL: |  1  2 |
---------------+-------+-----
Shields        | 4 |  4.3
Fighting       | 4 |  4.1
Long Blades    | |  2.8
Armour         | |  3.9
Dodging        | |  0.9

Action                   || total
-------------------------++-------
Melee: Long sword        ||    63
       Headbutt          ||     8
Throw: Stone             ||     3
  Use: Scroll            ||     1
Armor: Scale mail        ||    48
Dodge: Dodged            ||    42
Block: Shield            ||    50
